 Dungeon Crawl Stone Soup version 0.23.1-38-g628c18f (webtiles) character file.

Game seed: 3527164025162313527

336 dvd the Ducker (level 6, -1/36 HPs)
             Began as a Deep Elf Gladiator on Mar 28, 2019.
             Slain by Grinder (8 damage)
             ... on level 3 of the Dungeon.
             The game lasted 00:07:21 (3789 turns).

dvd the Ducker (Deep Elf Gladiator)                 Turns: 3789, Time: 00:07:22

Health: -1/36      AC:  8    Str: 11    XL:     6   Next: 28%
Magic:  17/17      EV: 21    Int: 15    God:
Gold:   51         SH:  0    Dex: 21    Spells: 5/5 levels left

rFire    . . .     SeeInvis .   a - +0 quarterstaff
rCold    . . .     Gourm    .   (shield currently unavailable)
rNeg     + . .     Faith    .   s - +1 robe {rN+}
rPois    .         Spirit   .   j - +0 helmet
rElec    .         Reflect  .   (no cloak)
rCorr    .         Harm     .   (no gloves)
MR       .....                  (no boots)
Stlth    +++.......             (no amulet)
HPRegen  0.12/turn              o - ring of magical power
MPRegen  0.15/turn              q - +4 ring of protection

@: agile
A: no striking features
a: no special abilities


You were on level 3 of the Dungeon.
You were not hungry.

You visited 1 branch of the dungeon, and saw 3 of its levels.

You collected 51 gold pieces.

Inventory:

Hand Weapons
 a - a +0 quarterstaff (weapon)
Armour
 b - a +0 leather armour
 c - a +0 helmet
 j - a +0 helmet (worn)
 s - a +1 robe of positive energy (worn)
Jewellery
 o - a ring of magical power (left hand)
 q - a +4 ring of protection (right hand)
 t - an uncursed ring of stealth
Scrolls
 e - a scroll of magic mapping {unknown}
 k - 3 scrolls of identify
 m - a scroll of enchant weapon {unknown}
 n - 2 scrolls of enchant armour {unknown}
Potions
 g - a potion of lignification
 l - a potion of brilliance {unknown}
 p - a potion of mutation {unknown}
 r - a potion of curing
Comestibles
 f - 3 rations
 h - 2 chunks of flesh


   Skills:
 + Level 2.5 Fighting
 + Level 5.0 Staves
 + Level 2.0 Throwing
 + Level 1.9 Armour
 + Level 5.0 Dodging
 + Level 1.3 Stealth


You had 5 spell levels left.
You didn't know any spells.
Your spell library was empty.

Dungeon Overview and Level Annotations

Branches:
Dungeon (3/15)

Altars:
Zin

Annotations:
D:3 Grinder


Message History

Grinder completely misses you.
You hit Grinder.
Grinder is almost dead.
Grinder completely misses you.
You hit Grinder but do no damage.
Grinder is almost dead.
Grinder completely misses you.
You barely miss Grinder.
Grinder is almost dead.
Grinder gestures at you.
You struggle to resist.
Unknown command.
You hit Grinder.
Grinder is almost dead.
Grinder gestures at you. You resist with some effort.
You closely miss Grinder.
Grinder is almost dead.
Grinder hits you!
You die...

...........#######
.....##.##.......##
.....)..##........##
....#)..#..........#
....#...[..........#
....#.#.#..........#
....#.#.#...(..<...#
....#.#.#..........#
....#.#.##......@.##
....#.#.#.......5..#
....#.#.#...[<.....#
....# #.#..........#
##### #..........#
#..........#
##........##
##......## ########


You could see Grinder.

Vanquished Creatures
  A scorpion (D:2)
  A hound (D:3)
  An orc wizard (D:2)
  Jessica (D:2)
  Natasha (thrice) (D:2)
  Robin (D:2)
  4 adders
  2 worms (D:2)
  2 dart slugs
  3 leopard geckos
  5 orcs
  2 ball pythons (D:1)
  8 bats
  A giant cockroach (D:3)
  14 goblins
  11 hobgoblins
  2 frilled lizards
  5 kobolds
  7 rats
74 creatures vanquished.

Notes
Turn   | Place    | Note
-------+----------+-------------------------------------------
     0 | D:1      | dvd the Deep Elf Gladiator began the quest for the Orb.
     0 | D:1      | Reached XP level 1. HP: 12/12 MP: 3/3
   160 | D:1      | Reached XP level 2. HP: 16/16 MP: 4/4
  1205 | D:2      | Noticed Robin
  1235 | D:2      | Reached XP level 3. HP: 18/21 MP: 5/5
  1381 | D:2      | Killed Robin
  1521 | D:2      | Noticed Natasha
  1532 | D:2      | Killed Natasha
  1532 | D:2      | Reached XP level 4. HP: 6/26 MP: 6/6
  1757 | D:2      | Reached skill level 1 in Stealth
  1868 | D:2      | Noticed Natasha
  1869 | D:2      | Noticed Jessica
  1876 | D:2      | Killed Jessica
  1882 | D:2      | Killed Natasha
  1882 | D:2      | Reached XP level 5. HP: 5/30 MP: 7/7
  2243 | D:2      | Reached skill level 1 in Armour
  2247 | D:2      | Found a glowing silver altar of Zin.
  2458 | D:2      | Noticed Natasha
  2467 | D:2      | Killed Natasha
  2467 | D:2      | Reached skill level 5 in Dodging
  2798 | D:2      | Reached skill level 5 in Staves
  3192 | D:2      | Reached XP level 6. HP: 15/36 MP: 8/8
  3726 | D:3      | Noticed Grinder
  3789 | D:3      | Slain by Grinder

Skill      XL: |  1  2  3  4  5 |
---------------+----------------+-----
Dodging        | 4 5 |  5.0
Fighting       | 2 |  2.5
Staves         | 4 5 |  5.0
Stealth        | 1 |  1.3
Armour         | 1 |  1.9
Throwing       | |  2.0

Action                   |  1- 3 |  4- 6 || total
-------------------------+-------+-------++-------
Melee: Quarterstaff      |   121 |   175 ||   296
Throw: Throwing net      |     1 |     2 ||     3
  Use: Potion            |       |     3 ||     3
       Scroll            |       |     1 ||     1
 Stab: Held in net/web   |     1 |       ||     1
       Sleeping          |     1 |       ||     1
  Eat: Chunk             |     2 |     7 ||     9
Armor: Leather armour    |    30 |    31 ||    61
       Skin              |       |     2 ||     2
       Robe              |       |     4 ||     4
Dodge: Dodged            |    92 |   120 ||   212
